 Dungeon Crawl Stone Soup version 0.31-a0-845-g9abc20d24f (console) character file.

Game seed: 14423357793094599537

2127 petzl the Stinger (level 9, -3/46 (65) HPs)
             Began as a Formicid Delver on Oct 1, 2023.
             Was an Initiate of Vehumet.
             Slain by a wight
             ... wielding a +5 battleaxe
              (4 damage)
             ... on level 6 of the Dungeon.
             The game lasted 00:33:31 (5449 turns).

petzl the Stinger (Formicid Delver)                 Turns: 5449, Time: 00:33:32

HP:   -3/46 (65)    AC:  8    Str: 18    XL:     9   Next: 54%
MP:   28/28         EV: 15    Int: 13    God:    Vehumet [......]
Gold: 255           SH:  0    Dex: 15    Spells: 11/21 levels left

rFire   . . .        b - +0 sling
rCold   . . .        (no shield)
rNeg    . . .        t - +0 scale mail
rPois   .            (helmet unavailable)
rElec   .            l - +0 cloak
rCorr   .            (no gloves)
SInv    +            p - +0 pair of boots
Will    .....        h - amulet of regeneration
Stlth   ++           v - ring of magical power
HPRegen 1.07/turn    y - +5 ring of evasion
MPRegen 0.21/turn

%: no passive effects
@: very heavily drained
A: permanent stasis, dig shafts and tunnels, antennae 3, four strong arms
a: Dig, Shaft Self, Renounce Religion


You were on level 6 of the Dungeon.
You worshipped Vehumet.
Vehumet was noncommittal.
You visited 1 branch of the dungeon, and saw 8 of its levels.

You collected 255 gold pieces.

Inventory:

Hand Weapons
 a - a +1 rapier of venom
 b - a +0 sling (weapon)
 c - a +1 short sword of flaming
 d - a +2 dagger of chaos {!f =f}
Missiles
 u - 8 boomerangs
 w - 5 poisoned darts
 D - a throwing net
Armour
 l - a +0 cloak (worn)
 p - a +0 pair of boots (worn)
 t - a +0 scale mail (worn)
Magical Staves
 k - a staff of air
Jewellery
 h - an amulet of regeneration (around neck)
 v - a ring of magical power (left hand)
 y - a +5 ring of evasion (right hand)
Wands
 f - a wand of digging (3)
 g - a wand of paralysis (5)
Scrolls
 e - a scroll of fear
 i - a scroll of fog
 m - a scroll of enchant weapon {unknown}
 r - 3 scrolls of immolation
 x - a scroll of noise {unknown}
 z - a scroll of revelation
 A - a scroll of summoning {unknown}
 C - a scroll of torment
 F - a scroll of vulnerability
Potions
 n - a potion of magic {unknown}
 o - 2 potions of might
 s - a potion of mutation {unknown}
 B - a potion of curing {unknown}
 E - 3 potions of enlightenment {unknown}


   Skills:
 - Level 4.2 Fighting
 - Level 2.0 Maces & Flails
 - Level 0.5 Ranged Weapons
 - Level 1.7 Dodging
 - Level 6.0 Stealth
 * Level 6.8 Spellcasting
 - Level 0.2 Conjurations
 - Level 0.3 Translocations
 * Level 5.6 Air Magic
 + Level 7.9 Poison Magic


You had 11 spell levels left.
You knew the following spells:

 Your Spells              Type           Power      Damage    Failure   Level
a - Poisonous Vapours     Pois/Air       44%        N/A       4%          2
b - Iskenderun's Mystic   Conj/Tloc      5%         2d3       99%         4
T - Olgreb's Toxic Radia  Pois           25%        N/A       21%         4

Your spell library contained the following spells:

 Spells                   Type           Power      Damage    Failure   Level
 Sting                    Tmut/Pois      56%        1d5       11%         1
 Shock                    Conj/Air       48%        1d6       16%         1
 Ensorcelled Hibernation  Hex/Ice        8%         N/A       63%         2
 Passwall                 Tmut/Erth      3%         N/A       63%         2
 Arcjolt                  Conj/Air       6%         1d16      99%         5
 Conjure Ball Lightning   Conj/Air       6%         3x3d6     100%        6
 Swiftness                Air            Unusable   N/A       N/A         3
 Vhi's Electric Charge    Tloc/Air       Unusable   N/A       N/A         4

Dungeon Overview and Level Annotations

Branches:
Dungeon (8/15)
 Temple: D:4-7         Lair: D:8-11

Altars:
Dithmenos
Fedhas
Gozag
Hepliaklqana
Kikubaaqudgha
Nemelex Xobeh
Okawaru
Ru
Sif Muna
Trog
Vehumet
Xom
Yredelemnul
Zin
The Shining One

Annotations:
D:2 Sigmund
D:5 exclusion: downstairs
D:6 2 transporters, exclusion: downstairs, Maggie
D:7 exclusion: sensed monster (detected)
D:8 exclusion: sensed monster (detected)


Innate Abilities, Weirdness & Mutations

You cannot be hasted, slowed, berserked, paralysed or teleported.
You can dig through walls and to a lower floor.
You have a pair of large antennae on your head. (SInv)
Your four strong arms can wield two-handed weapons with a shield.


Message History

The wight attacks as it pursues you! The wight misses you.
The wight attacks as it pursues you!
The wight hits you with a +3 dire flail of freezing!
The wight freezes you.
You extend your mandibles.
You dig through the rock wall.
You feel drained.
You dig through the rock wall.
You feel drained.
You retract your mandibles.
The wight closely misses you. The wight misses you.
The wight attacks as it pursues you! The wight closely misses you.
The wight closely misses you.
There is an escape hatch in the ceiling here.
You can't go down here!
The wight misses you.
The wight hits you from afar with a +3 spear of freezing!
You feel drained. The wight freezes you.
The wight hits you with a +3 dire flail of freezing!
You feel drained. The wight freezes you. A mysterious force pulls you upwards.
The hatch slams shut behind you.
Level annotation: 2 transporters, exclusion: downstairs, Maggie The adder hisses angrily.
The wight attacks as it pursues you! The wight hits you with a +2 falchion.
You feel drained. The wight attacks as it pursues you!
The wight closely misses you.
Found 2 viscous cyan potions.
The wight hits you with a +5 battleaxe. The wight attacks as it pursues you!
The wight misses you. The wight attacks as it pursues you!
The wight misses you.
The troll shouts!
The wight attacks as it pursues you! The wight hits you but does no damage.
Found a -2 pair of boots and a -2 helmet.
Found a -2 chain mail, a -2 pair of gloves, the +18 Lear's hauberk and a -2 hat.
There is an open door here.
The wight attacks as it pursues you! The wight hits you with a +5 battleaxe!
You feel drained.
* * * LOW HITPOINT WARNING * * *
The wight attacks as it pursues you! The wight hits you with a +5 battleaxe!
* * * LOW HITPOINT WARNING * * *
You feel drained.
You die...

# # # { .. .# # #.#.# # ..#.# #
#.#.# # #.#.+ # ##.#. #
#..'########'!. #
#..S...........# ######
#..####.####...# .....#
###########............#
####.####@....{.....#####.######
####.##............## #.#
............####.#<# ####.#
####.##.#.### #.#.###.##.##
#.##.#.# ##.#.#[#.##..# #.##.#.#
#....#'#.....# #.##.#.######
#.@z..###.#
##..#.#.##...#[#....z#[#{#
#.....#.##.####'.....z##.#
#..©..#.##.........8...S.#
########....###'.....'####
...○...#.....#[#.....#[#
#○.....°##..#####.....###
#..#©#..##..# ...#'#..
#...!...##..#####.#[#.#
#○.#.#.○##...## # ###.# #...#.##
##..##.#### { #........#
##.>#.##.# ##...###.#
.$[$...#...## #.# ☼.$©!.°Y#...#
#.# ####### ##.## #.# ###..©.#
#.# #.#


You could see 3 wights and an adder.

Vanquished Creatures
  Pikel (D:8)
  Psyche (D:8)
  A water moccasin (D:6)
  An orc warrior (D:8)
  A black bear (D:6)
  A centaur (D:8)
  A lemure (D:8)
  A bullfrog (D:6)
  A scorpion (D:6)
  4 killer bees (D:7)
  2 howler monkeys
  3 jellies
  2 orc priests
  A gnoll bouda (D:6)
  3 hounds
  4 orc wizards
  A sleepcap (D:5)
  9 gnolls
  7 adders
  2 white imps
  An ufetubus (D:5)
  A worm (D:3)
  4 dart slugs
  11 orcs
  5 ball pythons
  11 bats
  7 endoplasms
  3 giant cockroaches
  7 goblins
  3 hobgoblins
  A quokka (D:4)
  9 kobolds
  10 rats
120 creatures vanquished.

Vanquished Creatures (others)
  An orc (D:5)
1 creature vanquished.

Grand Total: 121 creatures vanquished

Notes
Turn   | Place    | Note
-------+----------+-------------------------------------------
     0 | D:5      | petzl the Formicid Delver began the quest for the Orb.
     0 | D:5      | Reached XP level 1. HP: 18/18 MP: 1/1
    21 | D:6      | Got a grimy book
    33 | D:6      | Found a transporter.
    34 | D:6      | Noticed an ice beast
   130 | D:6      | Noticed a water moccasin
   152 | D:7      | Noticed a gnoll bouda
   156 | D:5      | Noticed a howler monkey
   186 | D:4      | Noticed a hound
   259 | D:4      | Reached skill level 1 in Spellcasting
   299 | D:4      | Found a shimmering altar of Xom.
   369 | D:4      | Found a sacrificial altar of Ru.
   447 | D:3      | Reached XP level 2. HP: 22/24 MP: 2/4
   653 | D:2      | Reached XP level 3. HP: 29/29 MP: 6/6
  1381 | D:2      | Found a bloodstained altar of Trog.
  1427 | D:2      | Found a faded altar of an unknown god.
  1448 | D:2      | Reached XP level 4. HP: 20/35 MP: 9/9
  1958 | D:2      | Noticed Sigmund
  2247 | D:3      | Learned a level 2 spell: Poisonous Vapours
  2252 | D:3      | Learned a level 4 spell: Iskenderun's Mystic Blast
  2257 | D:3      | Learned a level 4 spell: Olgreb's Toxic Radiance
  2700 | D:3      | Reached XP level 5. HP: 41/41 MP: 11/11
  2791 | D:3      | Reached skill level 1 in Poison Magic
  2830 | D:3      | Reached skill level 1 in Air Magic
  2982 | D:4      | Found a basalt altar of Yredelemnul.
  3120 | D:4      | Reached skill level 2 in Poison Magic
  3136 | D:4      | Reached XP level 6. HP: 31/47 MP: 12/12
  3450 | D:5      | Reached skill level 3 in Poison Magic
  3493 | D:4      | Reached XP level 7. HP: 51/54 MP: 13/13
  3594 | D:4      | Reached skill level 4 in Poison Magic
  3825 | D:5      | Found an opulent altar of Gozag.
  3833 | D:5      | Found a glowing silver altar of Zin.
  3866 | D:5      | Found a shadowy altar of Dithmenos.
  4024 | D:6      | Noticed a troll
  4404 | D:6      | Found a blossoming altar of Fedhas.
  4440 | D:6      | Reached skill level 5 in Poison Magic
  4440 | D:6      | Reached XP level 8. HP: 60/60 MP: 15/15
  4486 | D:6      | Found a hazy altar of Hepliaklqana.
  4487 | D:6      | Found an ancient bone altar of Kikubaaqudgha.
  4487 | D:6      | Found a shimmering blue altar of Sif Muna.
  4488 | D:6      | Found a radiant altar of Vehumet.
  4496 | D:6      | Found an iron altar of Okawaru.
  4504 | D:6      | Became a worshipper of Vehumet
  4526 | D:6      | Reached skill level 5 in Spellcasting
  4671 | D:6      | Noticed Maggie
  4700 | D:6      | Found a transporter.
  4843 | D:6      | You fall into a shaft and drop 2 floors!
  4874 | D:8      | Noticed Psyche
  4909 | D:8      | Killed Psyche
  4910 | D:8      | Reached skill level 6 in Poison Magic
  4999 | D:8      | Reached skill level 7 in Poison Magic
  5014 | D:8      | Noticed Pikel
  5036 | D:8      | Killed Pikel
  5037 | D:8      | Reached skill level 5 in Air Magic
  5037 | D:8      | Reached XP level 9. HP: 40/65 MP: 18/18
  5151 | D:8      | Found a glowing golden altar of the Shining One.
  5210 | D:8      | Found a sparkling altar of Nemelex Xobeh.
  5329 | D:7      | You fall into a shaft and drop 1 floor!
  5379 | D:8      | Noticed a hornet
  5386 | D:8      | Noticed a queen bee
  5445 | D:6      | Found the +18 Lear's hauberk
  5449 | D:6      | HP: 1/48 [wight/+5 battleaxe (15)]
  5449 | D:6      | Slain by a wight

Illustrated notes

Levels and vault maps discovered:
D:1:      nicolae_arrival_memento_mori, layout_loops_ring, minivault_4,
          hangedman_abyss_or_decor_lesser_grid, kennysheep_another_room,
          nicolae_titane
D:2:      layout_loops_cross, hellmonk_ecumenical_altar_crossroads, basic_altar,
          uniq_sigmund
D:3:      layout_loops_cross
D:4:      layout_loops_ring, mainiacjoe_overflow_cross_hatched,
          kennysheep_little_box, lemuel_tele_altar
D:5:      layout_rooms, grunt_temple_overflow_gold_and_silver,
          old_standard_altar
D:6:      gammafunk_cloud_chamber, layout_loops_ring,
          grunt_temple_overflow_open, minivault_11,
          hellmonk_guarded_unrand_lears, uniq_maggie
D:7:      layout_rooms, minmay_temple_entry_statues_pillars,
          uniq_prince_ribbit1, uniq_duvessa, uniq_crazy_yiuf_cottage
D:8:      layout_rooms, general_overflow_altar, nicolae_overflow_crystal_walls,
          gammafunk_ghost_hive, uniq_pikel, uniq_psyche

Skill      XL: |  1  2  3  4  5  6  7  8 |
---------------+-------------------------+-----
Spellcasting   | 1 2 3 4 6 |  6.8
Poison Magic   | 2 3 5 7 |  7.9
Air Magic      | 1 2 3 5 |  5.6
Fighting       | 4 |  4.2
Maces & Flails | |  2.0
Ranged Weapons | |  0.5
Dodging        | |  1.7
Stealth        | |  6.0
Conjurations   | |  0.2
Translocations | |  0.3

Action                     |  1- 3 |  4- 6 |  7- 9 || total
---------------------------+-------+-------+-------++-------
  Melee: Mace              |    90 |   158 |    14 ||   262
         Punch             |       |     2 |     3 ||     5
         Rapier            |       |       |    85 ||    85
         Short sword       |       |       |    35 ||    35
         Dagger            |       |       |    16 ||    16
   Fire: Sling             |       |       |    28 ||    28
  Throw: Stone             |     5 |     5 |       ||    10
         Boomerang         |       |    22 |    14 ||    36
         Dart              |       |     5 |       ||     5
   Cast: Poisonous Vapours |       |     1 |    37 ||    38
         Olgreb's Toxic Ra |       |       |     2 ||     2
Ability: Dig               |       |       |     5 ||     5
         Shaft Self        |       |       |     2 ||     2
  Evoke: Wand              |       |     5 |     1 ||     6
    Use: Scroll            |       |     1 |     6 ||     7
         Potion            |       |       |     5 ||     5
   Stab: Sleeping          |     9 |    11 |       ||    20
         Paralysed         |       |     8 |     2 ||    10
 Armour: Leather armour    |    66 |    28 |       ||    94
         Scale mail        |       |    83 |   126 ||   209
         Skin              |       |       |     7 ||     7
  Dodge: Dodged            |    60 |   120 |   173 ||   353

Table legend: (Time is in decaauts)
 A = Elapsed time spent in this place.
 B = Non-inter-level travel time spent in this place.
 C = Inter-level travel time spent in this place.
 D = Time resting spent in this place.
 E = Time spent auto-exploring this place.
 F = Levels seen in this place.
 G = Mean time per level.
                   A        B        C        D        E       F      G
               +--------+--------+--------+--------+--------+-----+--------+
         Total |   5559 |   5259 |    300 |    476 |   2491 |   8 |  694.9 |
       Dungeon |   5559 |   5259 |    300 |    476 |   2491 |   8 |  694.9 |
               +--------+--------+--------+--------+--------+-----+--------+

Top non-repeatable levels by time:
     D:6: 950 daAuts
     D:3: 945 daAuts
     D:4: 908 daAuts
     D:2: 899 daAuts
     D:1: 716 daAuts
     D:5: 547 daAuts
     D:8: 498 daAuts
     D:7: 92 daAuts
